Description

prueba de build

Replay - prueba1

Build Order

Get SALT Encoding   

  12  0:02  SCV  
  13  0:14  SCV  
  13  0:17  Supply Depot  
  14  0:26  SCV  
  15  0:39  SCV, Barracks  
  16  0:44  Refinery  
  16  0:51  SCV  
  17  1:03  SCV  
  18  1:15  SCV  
  19  1:23  Barracks  
  19  1:30  Orbital Command  
  19  1:34  Barracks Reactor  
  19  1:35  Refinery  
  19  1:38  Supply Depot  
  19  1:48  Engineering Bay  
  19  1:56  SCV  
  20  2:11  Factory  
  20  2:13  Marine x2, Barracks Tech Lab  
  22  2:23  SCV  
  23  2:31  Terran Infantry Weapons Level 1, Marine x2  
  25  2:39  Supply Depot  
  25  2:46  Stimpack  
  25  2:47  Marine x2  
  26  2:55  Factory Reactor  
  27  2:58  Marine  
  27  3:04  Marine  
  29  3:12  Marine x2  
  29  3:17  Starport  
  32  3:31  SCV  
  36  3:43  Supply Depot  
  39  4:04  Medivac x2  
  46  4:11  Factory Tech Lab  
  45  4:31  Widow Mine  
  47  4:36  Command Center  
  47  4:46  Combat Shield  
  47  4:56  Supply Depot  
  47  5:00  Barracks  
  48  5:22  Medivac x2  
  52  5:31  Barracks  
  52  5:35  Armory  
  54  5:55  Barracks Reactor  
  54  6:06  Engineering Bay  
Spawning Tool Build Advisor. Get it on Overwolf

Go to:

Details

  • Created by: xswt
  • Published on: Feb 26, 2019
  • Modified on: Feb 26, 2019
  • Patch: 4.7.1
Show
View Real Time Build Order
Export as new Build Order

Comments (0)

There are no comments. Be the first!

Create an account to comment!